Unix NetHack Version 5.0.0-0 post-release - last build May  4 2026 22:22:43 (774f63e81ad911689b3a0859ea89b322d5daca8d,branch:main).

Game began 2026-05-09 06:59:58, ended 2026-05-09 07:41:06.

BSL2425737, neutral female human Valkyrie

                                               -----
                          ----------------     |....#
                          |..............| ####....|##    --------------
                          |....rr.........##  #|...| #####....<........|
          ----------      |.....@r.......|    #-----      |............|
          |.........#     ----------.-----    #           |............|
          |........|##              #  ###### ##          |............|
          |........| #        #######       #  #          --------|-----
          |...>...{| ##       #             #  #                  ####
          ----------  ## -----.--           #  #                     #
                       ##|......|           #  #                     ##
                        #|:.....|      -----.--#                    ##
                        #...`...|      |......|#                    -|---
                         --------      |......|#                    |...|
                                       |.......#                    |..{|
                                       |......|                     |...|
                                       |......|                     |.(.|
                                       |......|                     -----
                                       --------

BSL2425737 the Skirmisher   St:18 Dx:12 Co:18 In:7 Wi:13 Ch:7  Neutral
Dlvl:3  $:45 HP:0(30) Pw:6(6) AC:6  Xp:3 T:1468 

Latest messages:
 The homunculus bites!
 You miss the homunculus.
 The homunculus bites!
 You miss the homunculus.
 The homunculus bites!
 You hear the footsteps of a guard on patrol.
 You miss the homunculus.
 The homunculus bites!
 The homunculus misses!
 What do you want to wield? [- abikop or ?*] *
 You are already wielding that!
 You hit the homunculus!
 The homunculus bites!
 What do you want to throw? [$bikop or ?*] *
 In what direction? 6
 You kill the homunculus!
 You see here a +0 dagger.
 You see here a +0 dagger.
 b - a +0 dagger (at the ready).
 You hit the iguana!
 You miss the iguana.
 You kill the iguana!
 You miss the wererat.
 The wererat hits!
 What do you want to wield? [- abikop or ?*] *
 You have that readied.  Wield it instead? [ynq] (q) y
 b - a +0 dagger (weapon in right hand).
 The wererat hits!
 You hit the wererat.
 The wererat hits!
 The wererat changes into a rat.
 The wererat bites!
 You miss the wererat.
 The wererat summons help!
 A giant rat suddenly appears next to you!
 A sewer rat suddenly appears next to you!
 The wererat bites!
 You hear water falling on coins.
 What do you want to throw? [$aikop or ?*] *
 In what direction? 6
 The dart misses the giant rat.
 The sewer rat bites!
 The giant rat bites!
 The wererat bites!
 You die...
 Do you want your possessions identified? [ynq] (y) y
 Do you want to see your attributes? [ynq] (y) y
 Do you want an account of creatures vanquished? [ynaq] (y) y
 Do you want to see your conduct and achievements? [ynq] (y) y
 Do you want to see the dungeon overview? [ynq] (y) y

Inventory:
 Coins    ('$')
  $ - 45 gold pieces
 Weapons  (')')
  i - 9 blessed +1 silver arrows
  k - 12 +0 darts
  b - a +0 dagger (weapon in right hand)
  p - a +0 elven dagger
  a - a +1 spear
  o - a thoroughly corroded +0 stiletto
 Armor    ('[')
  c - an uncursed +3 small shield (being worn)
 Potions  ('!')
  d - a blessed potion of confusion
  h - a cursed potion of healing
 Rings    ('=')
  m - an uncursed ring of stealth
 Tools    ('(')
  j - a bag of tricks (0:18)
  f - an uncursed tin whistle
 Gems/Stones  ('*')
  l - an uncursed worthless piece of black glass
  g - a cursed worthless piece of orange glass
  e - an uncursed worthless piece of violet glass

BSL2425737 the Valkyrie's attributes:

Background:
 You were a Skirmisher, a level 3 human Valkyrie.
 You were neutral, nominally on a mission for Odin
 who was opposed by Tyr (lawful) and Loki (chaotic).
 You were right-handed.
 You were in the Dungeons of Doom, on level 3.
 You entered the dungeon 1468 turns ago.
 You had 65 experience points, 15 more were needed to attain level 4.

Basics:
 You had 0 out of 30 hit points.
 You had all 6 energy points (spell power).
 Your armor class was 6.
 Your wallet contained 45 zorkmids.
 Autopickup was off.

Final Characteristics:
 Your strength was 18 (limit:18/100).
 Your dexterity was 12 (limit:18).
 Your constitution was 18 (limit:18).
 Your intelligence was 7 (limit:18).
 Your wisdom was 13 (limit:18).
 Your charisma was 7 (limit:18).

Final Status:
 You weren't hungry.
 You were unencumbered.
 You were wielding a dagger.
 You had basic skill with dagger.

Final Attributes:
 You were devoutly aligned.
 You were cold resistant.
 You were stealthy.
 You are dead.

Miscellaneous:
 You didn't encounter any bones levels.
 Total elapsed playing time was 39 minutes and 26 seconds.

Major events:
 Turn
    1: BSL2425737 the neutral human Valkyrie entered the dungeon
 1127: attained the rank of Skirmisher (level 3)
 1468: killed by a wererat

You didn't know any spells.

Skills:
 Fighting Skills
   bare handed combat [Unskilled]
   two weapon combat  [Unskilled]
   riding             [Unskilled]
 Weapon Skills
   dagger             [Basic]
   axe                [Unskilled]
   pick-axe           [Unskilled]
   short sword        [Unskilled]
   broadsword         [Unskilled]
   long sword         [Unskilled]
   two-handed sword   [Unskilled]
   saber              [Unskilled]
   hammer             [Unskilled]
   quarterstaff       [Unskilled]
   polearms           [Unskilled]
   spear              [Basic]
   trident            [Unskilled]
   lance              [Unskilled]
   sling              [Unskilled]
 Spellcasting Skills
   attack spells      [Unskilled]
   escape spells      [Unskilled]

Voluntary challenges:
 Character rerolling was not enabled.
 You followed a strict vegan diet.
 You were an atheist.
 You were illiterate.
 You never genocided any monsters.
 You never polymorphed an object.
 You never changed form.
 You used no wishes.
Achievements:
 You entered a shop.
 You attained the rank of Skirmisher.

 The Dungeons of Doom: levels 1 to 3
    Level 1:
       A sink, a grave.
    Level 2:
       A ring shop, a fountain.
    Level 3: <- You were here.
       A fountain, a sink.
       Final resting place for
          you, killed by a wererat.


Vanquished creatures:
  a homunculus
 an orc zombie
 an iguana
  a hobbit
  a yellow mold
  a gecko
  7 jackals
  a fox
  a kobold
  4 grid bugs
  2 lichens
  7 newts
28 creatures vanquished.

No species were genocided or became extinct.

Game over:
                       ----------
                      /          \
                     /    REST    \
                    /      IN      \
                   /     PEACE      \
                  /                  \
                  |    BSL2425737    |
                  |      45 Au       |
                  |   killed by a    |
                  |     wererat      |
                  |                  |
                  |                  |
                  |       2026       |
                 *|     *  *  *      | *
        _________)/\\_//(\/(/\)/\//\/|_)_______

Farvel BSL2425737 the Valkyrie...

You died in The Dungeons of Doom on dungeon level 3 with 401 points,
and 45 pieces of gold, after 1468 moves.
You were level 3 with a maximum of 30 hit points when you died.

